 Dungeon Crawl Stone Soup version 0.32-a0-913-g739538afd8 (webtiles) character file.

Game seed: 18359752030899124270

2 kae the Ruffian (level 1, -1/15 HPs)
             Began as a Demonspawn Shapeshifter on Apr 9, 2024.
             Slain by a kobold
             ... wielding a +0 dagger
              (2 damage)
             ... on level 1 of the Dungeon.
             The game lasted 00:00:07 (63 turns).

kae the Ruffian (Demonspawn Shapeshifter)             Turns: 63, Time: 00:00:08

Health: -1/15      AC:  2    Str: 14    XL:     1   Next: 33%
Magic:  1/1        EV: 11    Int: 10    God:
Gold:   0          SH:  0    Dex: 12    Spells: 0/0 levels left

rFire   . .          .
                       - Unarmed
rCold   . . .        (no shield)
rNeg    . . .        a - +0 animal skin
rPois   .            (helmet currently unavailable)
rElec   .            (cloak currently unavailable)
rCorr   .            (gloves currently unavailable)
SInv    .            (boots currently unavailable)
Will    .....        (no amulet)
Stlth   +            (no ring)
HPRegen 0.22/turn    (no ring)
MPRegen 0.07/turn

%: no passive effects
@: beast-form
A: beast (slay +1)
a: Begin Untransformation


You were on level 1 of the Dungeon.
You were a hulking beast.
You visited 1 branch of the dungeon, and saw 1 of its levels.


   Skills:
 + Level 1.1 Fighting
 - Level 1.7 Dodging
 + Level 2.7 Unarmed Combat
 * Level 2.7 Shapeshifting


You couldn't memorise any spells.
You didn't know any spells.
Your spell library was empty.

Inventory:

Armour
 a - a +0 animal skin (worn)
Talismans
 c - a beast talisman (active)
 d - a flux talisman
Potions
 b - a potion of lignification {!q}

Dungeon Overview and Level Annotations

Branches:
Dungeon (1/15) Zot: 5937

Altars:

##################
#.................
#h#############.#.
........K......
#.#.
.....##.######≈
#.## .... #.. #...
### ##≈ #### ≈. ##


You could see a kobold.


Message History

Lua error: /dgldir/rcfiles/crawl-git/kae.rc:525: unexpected symbol near '#' 🤖 Initializing magus.rc ...
Bad monster_list_colour key: strict_neutral Bad channel name 'pray' for runrest: 'pray:' Options error: Missing colour in message_colour setting: 'that.*feels deathly cold' Options error: Missing colour in message_colour setting: 'and you must be Full or above to equip it' Options error: Missing colour in message_colour setting: 'but rights himself reflexively soon after' Options error: Missing colour in message_colour setting: 'before it is too late' ✅ Successfully initialized magus.rc [v1.11.3] Welcome, kae the Demonspawn Shapeshifter.
It is said that the Orb of Zot exists deep within this dungeon.
Press ? for a list of commands and other information.
Found a staircase leading out of the dungeon.
You open the door.
There is an open door here.
There is an open door here.
You open the door.
There is an open door here.
A goblin comes into view. It is wielding a +0 club.
The goblin shouts!
A ball python comes into view.
A kobold comes into view. It is wielding a +0 dagger.
You closely miss the goblin.
There are monsters nearby!
There are monsters nearby!
The kobold shouts!
You hit the goblin. The goblin hits you but does no damage.
You closely miss the goblin.
The goblin hits you with a +0 club. 😕 HP[-1]
You take 1 damage, and now have 14/15 hp.
There are monsters nearby!
You hit the goblin but do no damage. The goblin hits you with a +0 club.
You barely miss the goblin.
The goblin hits you with a +0 club. 😮 HP[-4]
You take 4 damage, and now have 10/15 hp.
MASSIVE DAMAGE!! (PAUSE)
You hit the goblin.
You kill the goblin!
The ball python bites you. The ball python grabs you.
The ball python constricts you. 😮 HP[-2]
You take 2 damage, and now have 8/15 hp.
The ball python's grasp on you weakens, but your attempt to escape fails.
The ball python bites you.
* * * LOW HITPOINT WARNING * * *
The ball python constricts you.
* * * LOW HITPOINT WARNING * * *
😨 HP[-4]
You take 4 damage, and now have 4/15 hp.
MASSIVE DAMAGE!! (PAUSE)
You barely miss the ball python.
The ball python bites you but does no damage.
The ball python constricts you.
* * * LOW HITPOINT WARNING * * *
😱 HP[-1]
You take 1 damage, and now have 3/15 hp.
You hit the ball python. The ball python bites you.
* * * LOW HITPOINT WARNING * * *
The ball python constricts you.
Unknown command. 😱 HP[-1]
You take 1 damage, and now have 2/15 hp.
You hit the ball python.
You kill the ball python!
The kobold hits you with a +0 dagger.
* * * LOW HITPOINT WARNING * * *
You see here a +0 club.
You completely miss the kobold. Your punch misses the kobold.
The kobold barely misses you.
You barely miss the kobold. The kobold hits you but does no damage.
You completely miss the kobold. The kobold misses you.
Unknown command.
You completely miss the kobold.
The kobold hits you but does no damage. 😱 HP[+1]
You hit the kobold. The kobold hits you but does no damage.
You completely miss the kobold. The kobold hits you but does no damage.
You closely miss the kobold. The kobold hits you with a +0 dagger.
* * * LOW HITPOINT WARNING * * *
😱 HP[-2]
You take 2 damage, and now have 1/15 hp.
Unknown command.
You closely miss the kobold. The kobold hits you with a +0 dagger.
You die...

Action                     || total
---------------------------++-------
  Melee: Unarmed           ||    17
 Armour: Animal skin       ||    19
  Dodge: Dodged            ||     2

Levels and vault maps discovered:
D:1:      tarquinn_simple_flora_water_e, layout_basic,
          chequers_serial_rivers_small_a, st_stairs_12

Notes
Turn   | Place    | Note
-------+----------+-------------------------------------------
     0 | D:1      | kae the Demonspawn Shapeshifter began the quest for the
                  | Orb.
     0 | D:1      | Reached XP level 1. HP: 15/15 MP: 1/1
     0 | D:1      | magus.rc [v1.11.3]
    52 | D:1      | HP: 3/15 [constriction (1)]
    62 | D:1      | HP: 1/15 [kobold/+0 dagger (2)]
    63 | D:1      | Slain by a kobold

Vanquished Creatures
  A ball python (D:1)
  A goblin (D:1)
2 creatures vanquished.

Table legend:
 A = Non-vault XP
 B = Vault XP
 C = Vault XP percentage of total XP
 D = Non-vault monster count
 E = Vault monster count
 F = Vault count percentage of total count
                 A         B        C        D         E       F
            +---------+---------+-------+---------+---------+-------
      Total |       4 |       0 |   0.0 |       2 |       0 |   0.0
            +---------+---------+-------+---------+---------+-------
        D:1 |       4 |       0 |   0.0 |       2 |       0 |   0.0
            +---------+---------+-------+---------+---------+-------

Action                     || total
---------------------------++-------
  Melee: Unarmed           ||    17
 Armour: Animal skin       ||    19
  Dodge: Dodged            ||     2

Illustrated notes

Table legend:
 A = Kills in this place as a percentage of kills in the entire game.
 B = Kills by you in this place as a percentage of kills by you in the entire game.
 C = Kills by friends in this place as a percentage of kills by friends in the entire game.
 D = Other kills in this place as a percentage of other kills in the entire game.
 E = Experience gained in this place as a percentage of experience gained in the entire game.
 F = Experience gained in this place divided by the number of levels of this place that you have seen.
                   A       B       C       D       E      F
               +-------+-------+-------+-------+-------+----------------------
         Total | 100.0 | 100.0 |   N/A |   N/A | 100.0 |   4.0
       Dungeon | 100.0 | 100.0 |   N/A |   N/A | 100.0 |   4.0
               +-------+-------+-------+-------+-------+----------------------

Table legend: (Time is in decaauts)
 A = Elapsed time spent in this place.
 B = Non-inter-level travel time spent in this place.
 C = Inter-level travel time spent in this place.
 D = Time resting spent in this place.
 E = Time spent auto-exploring this place.
 F = Levels seen in this place.
 G = Mean time per level.
                   A        B        C        D        E       F      G
               +--------+--------+--------+--------+--------+-----+--------+
         Total |     62 |     62 |      0 |      0 |     43 |   1 |   62.0 |
       Dungeon |     62 |     62 |      0 |      0 |     43 |   1 |   62.0 |
               +--------+--------+--------+--------+--------+-----+--------+

Top non-repeatable levels by time:
     D:1: 62 daAuts
